 Dungeon Crawl Stone Soup version 0.18-a0-296-g767dbb0 (webtiles) character file.

1339 Celerity the Slicer (level 8, -3/48 HPs)
             Began as a Kobold Artificer on Nov 26, 2015.
             Was a Follower of Pakellas.
             Killed by divine providence
             ... invoked by an orc priest
              (15 damage)
             ... on level 6 of the Dungeon.
             The game lasted 00:23:07 (7058 turns).

Celerity the Slicer (Kobold Artificer)              Turns: 7058, Time: 00:23:07

Health: -3/48      AC:  5    Str: 10    XL:     8   Next: 93%
Magic:  11/11      EV: 19    Int: 10    God:    Pakellas [*.....]
Gold:   250        SH:  0    Dex: 18    Spells: 0 memorised, 7 levels left

rFire  . . .     SeeInvis .     v - +2 dagger (drain)
rCold  + . .     Clarity  .     a - +2 leather armour {rC+}
rNeg   . . .     SustAt   .     (shield restricted)
rPois  .         Gourm    .     (no helmet)
rElec  .         Spirit   .     (no cloak)
rCorr  .         Warding  .     (no gloves)
rMut   .         Stasis   .     (no boots)
MR     .....                    (no amulet)
Stlth  +++.......               (no ring)
                                (no ring)

@: not resistant to hostile enchantments, fairly stealthy
A: carnivore 3
a: Quick Charge, Renounce Religion


You were on level 6 of the Dungeon.
You worshipped Pakellas.
Pakellas was aware of your devotion.
You were completely stuffed.

You visited 2 branches of the dungeon, and saw 8 of its levels.

You collected 250 gold pieces.

Inventory:

Hand Weapons
 v - a +2 dagger of draining (weapon)
Missiles
 h - 4 needles of paralysis
 j - 20 poisoned needles
 o - 152 stones (quivered)
 s - 11 tomahawks
Armour
 a - a +2 leather armour of cold resistance (worn)
Jewellery
 C - an uncursed amulet of stasis
Wands
 d - a wand of enslavement (7)
 e - a wand of random effects (7)
 f - a wand of flame (7)
Scrolls
 b - a scroll of recharging {unknown}
 g - 4 scrolls of teleportation {unknown}
 l - a scroll of fog {unknown}
 m - a scroll of fear {unknown}
 n - a scroll of blinking {unknown}
 q - 2 scrolls of remove curse
 u - a scroll of enchant armour {unknown}
 w - a scroll of enchant weapon
 y - 2 scrolls of magic mapping {unknown}
Potions
 i - a potion of ambrosia
 k - a potion of heal wounds
 r - 2 potions of resistance {unknown}
 t - a potion of degeneration
 x - a potion of poison {unknown}
 z - 2 potions of magic {unknown}
 A - a potion of mutation {unknown}
 D - a potion of agility {unknown}
 E - a potion of lignification {unknown}
 G - a potion of curing {unknown}
Comestibles
 c - 3 meat rations
 p - a royal jelly
 B - a beef jerky


   Skills:
 - Level 4.5 Fighting
 + Level 8.6 Short Blades
 + Level 6.6 Dodging
 * Level 4.5 Stealth
 - Level 5.0 Evocations


You had 7 spell levels left.
You didn't know any spells.

Dungeon Overview and Level Annotations

Branches:
Dungeon (7/15)             Temple (1/1) D:5

Altars:
Dithmenos
Elyvilon
Fedhas
Gozag
Kikubaaqudgha
Nemelex Xobeh
Okawaru
Pakellas
Qazlal
Sif Muna
Trog
Xom
Yredelemnul
Zin
The Shining One
Jiyva

Annotations:
D:1 disint
D:2 Sigmund
D:4 exclusion: door
D:6 Pikel


Innate Abilities, Weirdness & Mutations

You are small and have problems with some larger weapons.
You are carnivorous and can eat meat at any time.


Message History

Found a scroll labeled JOQENO ANOAL and 16 stones.
Found an escape hatch in the floor.
Found a stone staircase leading up.
An orc and an orc priest come into view.
There is a stone staircase leading down here.
Read which item? (? for menu, Esc to quit)
Okay, then.
Evoke which item? (* to show all) (? for menu, Esc to quit)
Zapping:
d - a wand of enslavement (8)
Press: ? - help, Shift-Dir - straight line, f - orc wizard
Aim: an orc wizard, wielding a dagger and wearing a robe (hasn't noticed you, chance to defeat MR: 56%)
The orc wizard shouts!
The orc wizard is charmed.
This wand has 7 charges left.
The orc shouts!
The orc priest shouts!
You hear a shout!
The adder closely misses you. The adder barely misses you.
A slave comes into view.
The adder closely misses your orc wizard.
The adder closely misses you.
The orc priest mumbles some strange prayers to Beogh against you.
Something smites you!
You die...

....#..
...........#
....###
.o..p>.....# ..
. ...o.......###
....<.p......
....K....# .
##.......##..
...#...pS.......
#....?o>.......
..###.@S.......
................
######..........
#..........
##......Y..
#......(..
#.........
##.......


You could see Pikel, a sky beast, 3 slaves, an orc priest, 2 adders, an orc and
a friendly orc wizard.

Vanquished Creatures
  An ogre (D:4)
  2 centaurs (D:5)
  A phantom (D:5)
  2 scorpions
  A crimson imp (D:5)
  3 giant frog skeletons
  3 orc priests
  A centaur skeleton (D:5)
  3 hounds
  4 orc wizards
  4 worker ants
  3 hound skeletons
  Robin (D:2)
  3 gnolls (D:4)
  8 adders
  2 shadow imps
  2 oozes (D:2)
  An adder zombie (D:5)
  2 worms
  An adder skeleton (D:4)
  19 orcs
  7 bats
  6 giant cockroaches
  8 hobgoblins
  5 quokkas
  3 ball pythons
  A ball python skeleton (D:4)
  6 giant geckos
  4 giant newts
  17 goblins
  12 kobolds
  11 rats
147 creatures vanquished.

Vanquished Creatures (collateral kills)
  A jelly (D:5)
  An orc priest (D:6)
  A hound (D:5)
  2 orc wizards (D:6)
  A worker ant (D:6)
  An adder (D:6)
  2 orcs (D:6)
  2 jackals (D:5)
  A quokka (D:5)
12 creatures vanquished.

Grand Total: 159 creatures vanquished

Notes
Turn   | Place    | Note
--------------------------------------------------------------
     0 | D:1      | Celerity the Kobold Artificer began the quest for the Orb.
     0 | D:1      | Reached XP level 1. HP: 12/12 MP: 3/3
     6 | D:1      | Noticed a wyvern
     6 | D:1      | Noticed a water moccasin
     6 | D:1      | Noticed a wolf
     6 | D:1      | Noticed a lindwurm
     6 | D:1      | Noticed a black bear
   203 | D:1      | Reached XP level 2. HP: 16/16 MP: 4/4
   984 | D:2      | Noticed Sigmund
  1069 | D:2      | Noticed Robin
  1070 | D:2      | Reached XP level 3. HP: 20/20 MP: 5/5
  1075 | D:2      | Killed Robin
  1331 | D:2      | Noticed Terence
  1333 | D:2      | Noticed Terence
  1333 | D:2      | Terence changed into Terence the hound
  1336 | D:2      | Killed Terence the hound
  1336 | D:2      | Reached XP level 4. HP: 18/26 MP: 6/6
  1433 | D:2      | Reached skill level 4 in Short Blades
  1692 | D:2      | Reached XP level 5. HP: 30/30 MP: 7/7
  2762 | D:3      | Reached skill level 5 in Short Blades
  2762 | D:3      | Reached XP level 6. HP: 20/36 MP: 8/8
  3481 | D:3      | Found a shadowy altar of Dithmenos.
  4172 | D:4      | Found a blossoming altar of Fedhas.
  4202 | D:4      | Found an oddly glowing altar of Pakellas.
  4259 | D:5      | Entered Level 5 of the Dungeon
  4298 | D:5      | Reached skill level 6 in Short Blades
  4298 | D:5      | Reached XP level 7. HP: 30/43 MP: 9/9
  4410 | D:5      | Found a staircase to the Ecumenical Temple.
  4478 | Temple   | Entered the Ecumenical Temple
  4800 | D:5      | Reached skill level 5 in Dodging
  4971 | D:5      | Reached skill level 7 in Short Blades
  5056 | D:5      | Reached XP level 8. HP: 15/48 MP: 9/11
  5921 | D:4      | Became a worshipper of Pakellas the Inventive
  5983 | D:4      | Reached skill level 8 in Short Blades
  5983 | D:4      | Reached skill level 5 in Evocations
  6007 | D:4      | Found an iron altar of Okawaru.
  6224 | D:4      | Found a white marble altar of Elyvilon.
  6330 | D:4      | Found a deep blue altar of Sif Muna.
  7014 | D:6      | Reached * piety under Pakellas
  7056 | D:6      | Noticed Pikel
  7058 | D:6      | Killed from afar by an orc priest

Vault maps used:
D:1:      onia_arrival_zoo_common
D:2:      bh_walls_and_bars, uniq_terence, uniq_robin, uniq_sigmund
D:3:      grunt_dithmenos_smoke_and_mirrors, first_bread
D:4:      elyvilon_altar_1, nicolae_overflow_hidden_temple, marbit_many_paths,
          kennysheep_mini_moat, led_sif_book
D:5:      minmay_temple_entry_statues
D:6:      hangedman_cross_stitches, bloody_makhleb, kennysheep_generic_room_2,
          uniq_pikel
D:7:      kennysheep_mini, uniq_prince_ribbit1
Temple:   pf_slimified_temple

Action                   |  1- 3 |  4- 6 |  7- 9 || total
-------------------------+-------+-------+-------++-------
Melee: Short sword       |   103 |       |       ||   103
       Dagger            |     3 |   286 |   381 ||   670
Evoke: Wand              |     6 |     2 |    16 ||    24
  Use: Scroll            |       |     5 |       ||     5
       Potion            |       |       |     2 ||     2
 Stab: Sleeping          |     3 |     1 |     3 ||     7
       Distracted        |       |     1 |     1 ||     2
  Eat: Chunk             |     8 |     8 |    12 ||    28
